 Dungeon Crawl Stone Soup version 0.21-a0-200-gb89f83b (webtiles) character file.

151 Ijustatesigmund the Shield-Bearer (level 5, 0/42 HPs)
             Began as a Formicid Fighter on Aug 16, 2017.
             Succumbed to a worker ant's poison
             ... on level 5 of the Dungeon.
             The game lasted 00:04:03 (1774 turns).

Ijustatesigmund the Shield-Bearer (FoFi)            Turns: 1774, Time: 00:04:04

Health: 0/42       AC:  9    Str: 23 (25) XL:     5   Next: 59%
Magic:  5/5        EV:  8    Int: 12 (13) God:
Gold:   95         SH: 10    Dex: 11      Spells: 4/4 levels left

rFire    . . .     SeeInvis +   a - +0 quarterstaff
rCold    . . .     Gourm    .   c - +0 shield
rNeg     . . .     Faith    .   b - +0 scale mail
rPois    .         Spirit   .   (helmet unavailable)
rElec    .         Reflect  .   (no cloak)
rCorr    .         Harm     .   (no gloves)
MR       .....                  e - +1 pair of boots
Stlth    ..........             (no amulet)
HPRegen  0.14/turn              (no ring)
MPRegen  0.09/turn              (no ring)

@: mighty, brilliant, lethally poisoned (0 -> -2)
A: permanent stasis, dig shafts and tunnels, four strong arms, antennae 3
a: Dig, Shaft Self


You were on level 5 of the Dungeon.
You were not hungry.

You visited 1 branch of the dungeon, and saw 4 of its levels.

You collected 95 gold pieces.

Inventory:

Hand Weapons
 a - a +0 quarterstaff (weapon)
Missiles
 p - 8 javelins (quivered)
Armour
 b - a +0 scale mail (worn)
 c - a +0 shield (worn)
 e - a +1 pair of boots (worn)
Scrolls
 h - a scroll of fear
Potions
 d - a potion of might
 i - a potion of agility
Comestibles
 f - 2 bread rations


   Skills:
 + Level 4.2 Fighting
 * Level 4.0 Staves
 - Level 3.2 Armour
 + Level 4.7 Shields


You had 4 spell levels left.
You didn't know any spells.

Dungeon Overview and Level Annotations

Branches:
Dungeon (3/15)

Altars:

Annotations:
D:3 Robin


Innate Abilities, Weirdness & Mutations

You cannot be hasted, slowed, berserked, paralysed or teleported.
You can dig through walls and to a lower floor.
Your four strong arms can wield two-handed weapons with a shield.
You have a pair of large antennae on your head. (SInv)


Message History

You barely miss the worker ant.
The worker ant is lightly wounded.
The worker ant bites you but does no damage.
You closely miss the worker ant.
The worker ant is lightly wounded.
You block the worker ant's attack.
You closely miss the worker ant.
The worker ant is lightly wounded.
You feel sick. You block the worker ant's attack. The worker ant bites you.
* * * LOW HITPOINT WARNING * * *
You hit the worker ant.
The worker ant is heavily wounded.
The worker ant closely misses you.
You sock the worker ant!
You kill the worker ant!
You feel your dexterity returning.
Your Staves skill increases to level 4!
Okay, then.
Okay, then.
You die...

#####.####...#
.......###'########
.....(.#....#.....####
.......#....'........#
.......#..###.##..####
#......#..###'#####
#......#..#....#
#......#..#....#
#......@..#....#
#......#..######
#.....##..# #...<.
..... #.... ......
#.... ###+### ###. #.


There were no monsters in sight!

Vanquished Creatures
  An iguana (D:5)
  A worker ant (D:5)
  A hound skeleton (D:5)
  3 adders (D:2)
  A worm (D:2)
  A dart slug (D:2)
  A leopard gecko (D:2)
  5 giant cockroaches
  11 goblins
  4 hobgoblins
  2 jackals (D:2)
  8 kobolds
  2 ball pythons (D:1)
  5 bats
  8 rats
54 creatures vanquished.

Notes
Turn   | Place    | Note
-------+----------+-------------------------------------------
     0 | D:1      | Ijustatesigmund the Formicid Fighter began the quest for the Orb.
     0 | D:1      | Reached XP level 1. HP: 18/18 MP: 1/1
   182 | D:1      | Reached XP level 2. HP: 24/24 MP: 2/2
   425 | D:1      | Reached XP level 3. HP: 27/29 MP: 3/3
   861 | D:2      | Reached XP level 4. HP: 7/37 MP: 4/4
  1444 | D:3      | Noticed Robin
  1454 | D:3      | You fall through a shaft for 2 floors!
  1454 | D:5      | Entered Level 5 of the Dungeon
  1738 | D:5      | Reached XP level 5. HP: 41/42 MP: 5/5
  1771 | D:5      | HP: 1/42 [worker ant (6)]
  1774 | D:5      | Succumbed to a worker ant's poison

Vault maps used:
D:1:      dpeg_arrival_tiny_i
D:3:      lemuel_round_altar, nicolae_overflow_hidden_temple, first_bread,
          uniq_grinder, uniq_ijyb, uniq_robin, uniq_sigmund
D:5:      grunt_gozag_statues

Skill      XL: |  1  2  3  4  5 |
---------------+----------------+-----
Shields        | 4 |  4.7
Staves         | 3 4 |  4.0
Fighting       | 4 |  4.2
Armour         | |  3.2

Action                   |  1- 3 |  4- 6 || total
-------------------------+-------+-------++-------
Melee: Quarterstaff      |   115 |    86 ||   201
Throw: Javelin           |       |     2 ||     2
 Abil: Dig               |     1 |     2 ||     3
       Shaft Self        |       |     1 ||     1
  Use: Scroll            |       |     7 ||     7
       Potion            |       |     4 ||     4
  Eat: Chunk             |       |     2 ||     2
       Royal jelly       |       |     1 ||     1
Armor: Scale mail        |    54 |    52 ||   106
Dodge: Dodged            |    41 |    37 ||    78
Block: Shield            |    59 |    52 ||   111
